 Dungeon Crawl Stone Soup version 0.29.1-13-g9f3cf754e1 (webtiles) character file.

Game seed: 9017682057635507161

11 Thatpatchoflichen the Trooper (level 2, -1/32 HPs)
             Began as an Ogre Fighter on Jan 30, 2023.
             Slain by a hobgoblin (3 damage)
             ... on level 1 of the Dungeon.
             The game lasted 00:00:49 (322 turns).

Thatpatchoflichen the Trooper (Ogre Fighter)         Turns: 322, Time: 00:00:50

Health: -1/32      AC:  3    Str: 19    XL:     2   Next: 25%
Magic:  2/2        EV:  8    Int:  9    God:
Gold:   0          SH:  7    Dex:  8    Spells: 1/1 levels left

rFire   . . .      SeeInvis .   a - +0 long sword
rCold   . . .      Faith    .   c - +0 kite shield
rNeg    . . .      Spirit   .   b - +0 robe
rPois   .          Reflect  .   (helmet restricted)
rElec   .          Harm     .   (no cloak)
rCorr   .          Rampage  .   (gloves unavailable)
Will    .....                   (boots unavailable)
Stlth   +.........              (no amulet)
HPRegen 0.10/turn               (no ring)
MPRegen 0.08/turn               (no ring)

@: no status effects
A: large, unfitting armour, tough skin 1
a: no special abilities


You were on level 1 of the Dungeon.
You visited 1 branch of the dungeon, and saw 1 of its levels.

Inventory:

Hand Weapons
 a - a +0 long sword (weapon)
Armour
 b - a +0 robe (worn)
 c - a +0 kite shield (worn)
Scrolls
 e - a scroll of identify {unknown}
Potions
 d - a potion of might


   Skills:
 - Level 4.1 Fighting
 + Level 2.4 Long Blades
 - Level 2.7 Dodging
 - Level 3.0 Shields


You had one spell level left.
You didn't know any spells.
Your spell library was empty.

Dungeon Overview and Level Annotations

Branches:
Dungeon (1/15)

Altars:


Innate Abilities, Weirdness & Mutations

You are too large for most types of armour.
You have tough skin. (AC +1)


Message History

The hobgoblin shouts!
The jackal bites you. The jackal completely misses you.
A goblin comes into view. It is wielding a +0 dagger.
The goblin shouts!
You hit the jackal but do no damage. You block the jackal's attack.
The jackal bites you.
A rat comes into view.
You hit the jackal but do no damage. The jackal bites you. x2
You barely miss the jackal. The jackal barely misses you.
You block the jackal's attack.
You hit the jackal.
The jackal is heavily wounded.
You block the jackal's attack. x2; The hobgoblin hits you.
* * * LOW HITPOINT WARNING * * *
You hit the jackal.
You kill the jackal!
The goblin closely misses you. You block the hobgoblin's attack.
You hit the endoplasm.
The endoplasm is moderately wounded.
The endoplasm barely misses you.
The hobgoblin hits you but does no damage.
The goblin hits you with a +0 dagger.
* * * LOW HITPOINT WARNING * * *
The goblin hits you with a +0 dagger.
* * * LOW HITPOINT WARNING * * *
You block the endoplasm's attack. You block the hobgoblin's attack.
You hit the endoplasm.
The endoplasm is severely wounded.
The endoplasm hits you but does no damage.
The goblin closely misses you. You block the hobgoblin's attack.
You hit the endoplasm.
You kill the endoplasm!
The hobgoblin closely misses you. You block the goblin's attack. x2
You block the hobgoblin's attack. The kobold closely misses you.
You slash the kobold!
You kill the kobold!
The goblin hits you with a +0 dagger.
* * * LOW HITPOINT WARNING * * *
The hobgoblin hits you.
You die...

..... ......# ....>..
#####.##..# #
#.....##..#
#.#....)##..#
........##r.#
#.#....J##gg##.###
#.....##@.......
#.#....K##)###.#.♣
#......J...#
###.$..##..# # #....
#..# .# ######.#.###.†#
.♣
...#......#..###.###..+
...................#..♣
................#.....#


You could see a hobgoblin, a goblin and a rat.

Vanquished Creatures
  2 endoplasms (D:1)
  A giant cockroach (D:1)
  A hobgoblin (D:1)
  2 jackals (D:1)
  A quokka (D:1)
  A goblin (D:1)
  2 kobolds (D:1)
10 creatures vanquished.

Notes
Turn   | Place    | Note
-------+----------+-------------------------------------------
     0 | D:1      | Thatpatchoflichen the Ogre Fighter began the quest for the
                  | Orb.
     0 | D:1      | Reached XP level 1. HP: 24/24 MP: 1/1
   307 | D:1      | Reached XP level 2. HP: 19/32 MP: 2/2
   322 | D:1      | Slain by a hobgoblin

Illustrated notes

Levels and vault maps discovered:
D:1:      dpeg_arrival_castle, layout_basic, serial_shops,
          nicolae_shop_advertising_works [nicolae_subvault_shop_adworks],
          nicolae_shop_crystal, dilly_ecumenical_altar_fadedgnrine,
          minmay_domino_4

Skill      XL: |  1 |
---------------+----+-----
Long Blades    | 2 |  2.4
Fighting       | |  4.1
Dodging        | |  2.7
Shields        | |  3.0

Action                   || total
-------------------------++-------
Melee: Long sword        ||    38
Armor: Robe              ||    17
Dodge: Dodged            ||    23
Block: Kite shield       ||    27
